2902 views
Uploaded 2020-02-04 21:49:36
Game version 1.32 / 1.32.1
45:30 long 1on1 ladder game on (2)EchoIsles
Saved by BEARAND
2902 views
Uploaded 2020-02-04 21:49:36
Game version 1.32 / 1.32.1
45:30 long 1on1 ladder game on (2)EchoIsles

25 units @ 2.8k
/ 0.2k
102 buildings @ 5.2k
/ 2.7k



| Scroll of Regeneration | 4 | 400 |
| Lesser Clarity Potion | 2 | 140 |
| Potion of Healing | 2 | 300 |
| Staff of Sanctuary | 3 | 750 |
| Orb of Fire | 2 | 650 |
| Scroll of Town Portal | 1 | 350 |
| Staff of Teleportation | 3 | 450 |
| Boots of Speed | 3 | 750 |
| Periapt of Vitality | 1 | 325 |
| total: | 21 | 4115g |
| Peasant | 16 | 1200 | / | 0 |
| Priest | 2 | 270 | / | 20 |
| Sorceress | 2 | 310 | / | 40 |
| Dragonhawk Rider | 5 | 1000 | / | 150 |
| total: | 25 | 2780g | / | 210w |
| Scout Tower | 78 | 2340 | / | 1560 |
| Arcane Tower | 10 | 700 | / | 500 |
| Guard Tower | 51 | 3570 | / | 2550 |
| Altar of Kings | 1 | 180 | / | 50 |
| Farm | 13 | 1040 | / | 260 |
| Lumber Mill | 1 | 120 | / | 0 |
| Arcane Vault | 3 | 390 | / | 90 |
| Town Hall | 1 | 385 | / | 205 |
| Blacksmith | 1 | 140 | / | 60 |
| Barracks | 1 | 160 | / | 60 |
| Arcane Sanctum | 1 | 150 | / | 140 |
| Gryphon Aviary | 2 | 280 | / | 300 |
| Keep | 1 | 320 | / | 210 |
| Castle | 2 | 720 | / | 420 |
| total: | 102 | 5185g | / | 2725w |
| 0:01 | Peasant |
| 0:01 | Peasant |
| 0:06 | Altar of Kings |
| 0:17 | Farm |
| 0:19 | Peasant |
| 0:25 | Peasant |
| 0:30 | Farm |
| 0:32 | Scout Tower |
| 0:33 | Peasant |
| 1:04 | Lumber Mill |
| 1:08 | Peasant |
| 1:19 | Peasant |
| 1:21 | Scout Tower |
| 1:33 | Peasant |
| 1:36 | Arcane Tower |
| 1:44 | Peasant |
| 2:08 | Blizzard |
| 2:10 | Guard Tower |
| 2:11 | Scout Tower |
| 2:27 | Peasant |
| 2:28 | Peasant |
| 2:29 | Peasant |
| 2:36 | Peasant |
| 2:41 | Guard Tower |
| 2:44 | Scout Tower |
| 2:44 | Scout Tower |
| 2:56 | Peasant |
| 3:07 | Scout Tower |
| 3:08 | Scout Tower |
| 3:24 | Guard Tower |
| 3:43 | Brilliance Aura |
| 3:45 | Keep |
| 3:47 | Guard Tower |
| 3:52 | Improved Masonry |
| 3:55 | Farm |
| 3:56 | Farm |
| 3:56 | Farm |
| 4:05 | Guard Tower |
| 4:08 | Arcane Vault |
| 4:17 | Staff of Teleportation |
| 4:23 | Boots of Speed |
| 4:28 | Scout Tower |
| 4:42 | Arcane Vault |
| 4:50 | Guard Tower |
| 4:55 | Farm |
| 5:05 | Guard Tower |
| 5:22 | Scout Tower |
| 5:22 | Scout Tower |
| 5:54 | Scroll of Regeneration |
| 5:57 | Scroll of Regeneration |
| 6:00 | Scout Tower |
| 6:23 | Guard Tower |
| 6:40 | Scout Tower |
| 6:41 | Scout Tower |
| 6:42 | Scout Tower |
| 6:43 | Guard Tower |
| 7:09 | Storm Bolt |
| 7:46 | Blizzard |
| 7:54 | Town Hall |
| 7:57 | Scout Tower |
| 7:57 | Scout Tower |
| 7:58 | Scout Tower |
| 7:58 | Scout Tower |
| 7:59 | Scout Tower |
| 8:00 | Scout Tower |
| 8:00 | Scout Tower |
| 8:01 | Scout Tower |
| 8:01 | Scout Tower |
| 8:02 | Scout Tower |
| 8:32 | Guard Tower |
| 8:58 | Guard Tower |
| 9:01 | Scroll of Regeneration |
| 9:11 | Lesser Clarity Potion |
| 9:18 | Potion of Healing |
| 9:23 | Scout Tower |
| 9:43 | Arcane Sanctum |
| 9:51 | Arcane Tower |
| 9:53 | Scout Tower |
| 10:15 | Guard Tower |
| 10:16 | Castle |
| 10:18 | Bash |
| 10:27 | Guard Tower |
| 10:28 | Scout Tower |
| 10:32 | Scout Tower |
| 10:33 | Scout Tower |
| 10:34 | Scout Tower |
| 10:34 | Scout Tower |
| 10:35 | Scout Tower |
| 10:35 | Scout Tower |
| 10:36 | Scout Tower |
| 10:40 | Scroll of Regeneration |
| 10:43 | Lesser Clarity Potion |
| 10:47 | Improved Lumber Harvesting |
| 10:48 | Advanced Masonry |
| 10:50 | Advanced Lumber Harvesting |
| 10:55 | Priest |
| 11:04 | Magic Sentry |
| 11:23 | Scout Tower |
| 11:24 | Scout Tower |
| 11:24 | Scout Tower |
| 11:25 | Scout Tower |
| 11:25 | Scout Tower |
| 11:26 | Scout Tower |
| 11:30 | Scroll of Town Portal |
| 12:04 | Arcane Vault |
| 12:13 | Priest |
| 12:21 | Guard Tower |
| 12:23 | Peasant |
| 12:27 | Guard Tower |
| 12:58 | Guard Tower |
| 13:15 | Staff of Sanctuary |
| 13:18 | Sorceress |
| 13:57 | Potion of Healing |
| 14:04 | Staff of Teleportation |
| 14:04 | Boots of Speed |
| 14:07 | Boots of Speed |
| 14:12 | Guard Tower |
| 14:14 | Sorceress |
| 14:32 | Staff of Sanctuary |
| 14:32 | Orb of Fire |
| 14:45 | Holy Light |
| 14:55 | Guard Tower |
| 15:07 | Orb of Fire |
| 15:16 | Staff of Sanctuary |
| 15:23 | Gryphon Aviary |
| 15:40 | Guard Tower |
| 15:40 | Guard Tower |
| 16:12 | Guard Tower |
| 16:14 | Imbued Masonry |
| 16:40 | Guard Tower |
| 16:41 | Guard Tower |
| 16:42 | Scout Tower |
| 16:43 | Scout Tower |
| 17:11 | Arcane Tower |
| 17:12 | Arcane Tower |
| 17:21 | Guard Tower |
| 17:33 | Guard Tower |
| 17:34 | Dragonhawk Rider |
| 17:36 | Dragonhawk Rider |
| 17:42 | Scout Tower |
| 17:43 | Scout Tower |
| 17:51 | Guard Tower |
| 17:54 | Scout Tower |
| 18:08 | Sorceress Adept Training |
| 18:28 | Blacksmith |
| 18:30 | Barracks |
| 18:46 | Guard Tower |
| 19:08 | Farm |
| 19:49 | Studded Leather Armor |
| 19:50 | Iron Forged Swords |
| 19:51 | Dragonhawk Rider |
| 19:59 | Staff of Teleportation |
| 20:48 | Dragonhawk Rider |
| 21:31 | Animal War Training |
| 21:33 | Scout Tower |
| 21:34 | Scout Tower |
| 21:34 | Scout Tower |
| 21:35 | Scout Tower |
| 21:35 | Scout Tower |
| 21:35 | Guard Tower |
| 21:49 | Peasant |
| 22:01 | Steel Forged Swords |
| 22:01 | Reinforced Leather Armor |
| 22:04 | Arcane Tower |
| 22:32 | Guard Tower |
| 23:00 | Guard Tower |
| 23:13 | Scout Tower |
| 23:14 | Scout Tower |
| 23:14 | Scout Tower |
| 23:15 | Scout Tower |
| 23:16 | Scout Tower |
| 23:21 | Scout Tower |
| 23:21 | Scout Tower |
| 23:23 | Scout Tower |
| 23:23 | Scout Tower |
| 23:24 | Scout Tower |
| 23:25 | Scout Tower |
| 23:26 | Scout Tower |
| 23:47 | Guard Tower |
| 23:48 | Guard Tower |
| 24:18 | Gryphon Aviary |
| 24:22 | Farm |
| 24:22 | Farm |
| 24:23 | Farm |
| 24:24 | Farm |
| 24:25 | Farm |
| 24:25 | Farm |
| 25:08 | Guard Tower |
| 25:27 | Guard Tower |
| 25:34 | Guard Tower |
| 26:55 | Guard Tower |
| 26:55 | Guard Tower |
| 27:27 | Guard Tower |
| 27:54 | Scout Tower |
| 27:54 | Scout Tower |
| 27:55 | Scout Tower |
| 27:56 | Scout Tower |
| 27:56 | Scout Tower |
| 27:57 | Scout Tower |
| 27:59 | Scout Tower |
| 27:59 | Scout Tower |
| 28:12 | Dragonhide Armor |
| 28:12 | Mithril Forged Swords |
| 28:46 | Guard Tower |
| 29:17 | Guard Tower |
| 29:20 | Scout Tower |
| 29:21 | Scout Tower |
| 29:22 | Scout Tower |
| 29:24 | Guard Tower |
| 30:10 | Divine Shield |
| 30:17 | Storm Bolt |
| 30:35 | Guard Tower |
| 31:27 | Guard Tower |
| 32:26 | Dragonhawk Rider |
| 33:02 | Periapt of Vitality |
| 33:18 | Cloud |
| 33:21 | Storm Hammers |
| 36:56 | Scout Tower |
| 36:58 | Scout Tower |
| 37:00 | Scout Tower |
| 37:02 | Scout Tower |
| 37:03 | Scout Tower |
| 37:37 | Arcane Tower |
| 38:08 | Arcane Tower |
| 39:20 | Holy Light |
| 39:47 | Arcane Tower |
| 39:48 | Arcane Tower |
| 39:50 | Arcane Tower |
| 40:38 | Brilliance Aura |
| Right click | 4201 |
| Select | 1387 |
| Select group | 656 |
| Build/train/purchase | 350 |
| Use ability | 189 |
| Chat | 141 |
| Misc. action | 35 |
| Assign group | 22 |
| Item give/drop | 11 |
| Remove unit | 3 |
52 units @ 10.3k
/ 2.1k
21 buildings @ 3.2k
/ 1.4k



| Rod of Necromancy | 1 | 150 |
| Orb of Corruption | 1 | 375 |
| Potion of Healing | 1 | 150 |
| Scroll of Town Portal | 1 | 350 |
| Claws of Attack +6 | 1 | 125 |
| Gloves of Haste | 1 | 125 |
| total: | 6 | 1275g |
| Acolyte | 8 | 600 | / | 0 |
| Ghoul | 6 | 720 | / | 0 |
| Crypt Fiend | 9 | 1935 | / | 360 |
| Obsidian Statue | 8 | 1600 | / | 280 |
| Meat Wagon | 9 | 2070 | / | 450 |
| Banshee | 4 | 620 | / | 120 |
| Frost Wyrm | 6 | 2310 | / | 720 |
| Abomination | 2 | 480 | / | 140 |
| total: | 52 | 10335g | / | 2070w |
| Nerubian Tower | 2 | 200 | / | 40 |
| Spirit Tower | 3 | 435 | / | 120 |
| Ziggurat | 13 | 1950 | / | 650 |
| Altar of Darkness | 1 | 180 | / | 50 |
| Crypt | 1 | 200 | / | 50 |
| Tomb of Relics | 1 | 130 | / | 30 |
| Graveyard | 1 | 215 | / | 0 |
| Slaughterhouse | 1 | 140 | / | 135 |
| Temple of the Damned | 1 | 155 | / | 140 |
| Sacrificial Pit | 1 | 75 | / | 150 |
| Boneyard | 1 | 175 | / | 200 |
| Halls of the Dead | 1 | 320 | / | 210 |
| Black Citadel | 1 | 325 | / | 230 |
| total: | 21 | 3220g | / | 1405w |
| 0:03 | Acolyte |
| 0:06 | Ziggurat |
| 0:09 | Altar of Darkness |
| 0:20 | Acolyte |
| 0:36 | Crypt |
| 0:42 | Acolyte |
| 1:03 | Tomb of Relics |
| 1:37 | Ghoul |
| 1:37 | Ghoul |
| 2:05 | Ghoul |
| 2:14 | Rod of Necromancy |
| 2:17 | Death Coil |
| 2:18 | Ghoul |
| 2:39 | Halls of the Dead |
| 2:45 | Graveyard |
| 3:41 | Ziggurat |
| 4:10 | Ghoul |
| 4:40 | Ghoul |
| 4:41 | Crypt Fiend |
| 4:55 | Crypt Fiend |
| 4:59 | Unholy Aura |
| 5:05 | Crypt Fiend |
| 5:15 | Slaughterhouse |
| 5:20 | Ziggurat |
| 5:46 | Crypt Fiend |
| 6:08 | Crypt Fiend |
| 6:12 | Ziggurat |
| 6:21 | Nerubian Tower |
| 6:26 | Death Coil |
| 6:37 | Obsidian Statue |
| 7:05 | Black Citadel |
| 7:19 | Frost Nova |
| 7:42 | Claws of Attack +6 |
| 7:43 | Gloves of Haste |
| 8:02 | Obsidian Statue |
| 8:05 | Ziggurat |
| 8:21 | Creature Attack |
| 9:01 | Crypt Fiend |
| 9:01 | Burrow |
| 9:33 | Destroyer Form |
| 9:48 | Frost Armor |
| 10:00 | Meat Wagon |
| 10:07 | Temple of the Damned |
| 10:30 | Orb of Corruption |
| 10:47 | Acolyte |
| 11:14 | Sleep |
| 11:38 | Banshee |
| 11:38 | Banshee |
| 13:20 | Ziggurat |
| 13:22 | Ziggurat |
| 14:14 | Meat Wagon |
| 14:16 | Banshee |
| 14:32 | Potion of Healing |
| 14:40 | Obsidian Statue |
| 14:44 | Acolyte |
| 14:44 | Acolyte |
| 15:03 | Creature Carapace |
| 15:19 | Ziggurat |
| 16:52 | Obsidian Statue |
| 16:52 | Obsidian Statue |
| 18:51 | Meat Wagon |
| 18:56 | Ziggurat |
| 18:57 | Ziggurat |
| 18:59 | Acolyte |
| 18:59 | Acolyte |
| 19:02 | Obsidian Statue |
| 19:04 | Meat Wagon |
| 19:45 | Spirit Tower |
| 19:47 | Ziggurat |
| 19:49 | Ziggurat |
| 19:52 | Ziggurat |
| 19:54 | Nerubian Tower |
| 19:55 | Spirit Tower |
| 21:22 | Obsidian Statue |
| 21:47 | Spirit Tower |
| 22:33 | Sacrificial Pit |
| 22:53 | Unholy Aura |
| 23:21 | Boneyard |
| 23:57 | Improved Creature Carapace |
| 25:24 | Freezing Breath |
| 25:25 | Frost Wyrm |
| 26:51 | Frost Wyrm |
| 27:57 | Frost Wyrm |
| 30:18 | Crypt Fiend |
| 30:18 | Crypt Fiend |
| 30:36 | Frost Wyrm |
| 30:46 | Crypt Fiend |
| 30:56 | Abomination |
| 31:28 | Frost Wyrm |
| 31:40 | Abomination |
| 31:41 | Meat Wagon |
| 31:56 | Unholy Armor |
| 32:19 | Web |
| 32:22 | Banshee |
| 32:44 | Frost Nova |
| 33:03 | Obsidian Statue |
| 33:04 | Meat Wagon |
| 34:20 | Frost Wyrm |
| 36:43 | Meat Wagon |
| 39:47 | Meat Wagon |
| 39:52 | Scroll of Town Portal |
| 44:26 | Meat Wagon |
| Right click | 1924 |
| Select group | 1221 |
| Select | 722 |
| Misc. action | 259 |
| Build/train/purchase | 113 |
| Use ability | 93 |
| Assign group | 89 |
| Chat | 89 |
| Esc | 8 |
| Item give/drop | 6 |
| Remove unit | 1 |